 Dungeon Crawl Stone Soup version 0.25-a0-253-g6f1b5d974a (webtiles) character file.

Game seed: 9441866560459146297, levelgen mode: deterministic

65 Lanoc the Charlatan (level 3, -17/15 HPs)
             Began as a Felid Artificer on Dec 5, 2019.
             Killed themself with a badly aimed iceblast (25 damage)
             ... on level 2 of the Dungeon.
             The game lasted 00:04:03 (2708 turns).

Lanoc the Charlatan (Felid Artificer)               Turns: 2708, Time: 00:04:03

Health: -17/15     AC:  1    Str:  8    XL:     3   Next: 94%
Magic:  7/7        EV: 18    Int: 12    God:
Gold:   50         SH:  0    Dex: 17    Spells: 2/2 levels left
                                        Lives:  0   Deaths: 0

rFire    . . .     SeeInvis +     - Unarmed
rCold    . . .     Gourm    .   (shield unavailable)
rNeg     + . .     Faith    .   (armour unavailable)
rPois    .         Spirit   .   (helmet unavailable)
rElec    .         Reflect  .   (cloak unavailable)
rCorr    .         Harm     .   (gloves unavailable)
MR       .....                  (boots unavailable)
Stlth    +++.......             (no amulet)
HPRegen  0.05/turn              i - ring of positive energy
MPRegen  0.10/turn              (no ring)

@: quick
A: very small, no armour, no weapons or thrown items, stealth, claws 1, fangs 3,
see invisible, carnivore, speed 1, shaggy fur 1, slow metabolism 1, sharp paws
a: no special abilities


You were on level 2 of the Dungeon.
You were very full.

You visited 1 branch of the dungeon, and saw 2 of its levels.

You collected 50 gold pieces.

Inventory:

Jewellery
 i - a ring of positive energy (left paw)
Wands
 a - a wand of flame (10)
 b - a wand of enslavement (13)
 c - a wand of random effects (11)
Scrolls
 e - a scroll of magic mapping {unknown}
 h - a scroll of identify {unknown}
 j - 2 scrolls of remove curse {unknown}
 m - 2 scrolls of teleportation {unknown}
Potions
 f - a potion of heal wounds {unknown}
 g - a potion of berserk rage {unknown}
 k - a potion of mutation {unknown}
 l - a potion of degeneration {unknown}
Comestibles
 d - 4 rations


   Skills:
 + Level 1.5 Fighting
 + Level 3.1 Dodging
 * Level 2.9 Stealth
 * Level 1.9 Unarmed Combat
 * Level 4.0 Evocations


You had 2 spell levels left.
You didn't know any spells.
Your spell library was empty.

Dungeon Overview and Level Annotations

Branches:
Dungeon (2/15)

Altars:

Annotations:
D:2 Robin


Innate Abilities, Weirdness & Mutations

You cannot wear armour.
You are incapable of wielding weapons or throwing items.
Your paws allow you to move quietly. (Stealth)
You have sharp claws.
You have razor-sharp teeth.
You have supernaturally acute eyesight. (SInv)
You are carnivorous and can eat meat at any time.
You cover ground quickly.
You are covered in fur. (AC +1)
You have a slow metabolism.
Your sharp claws are effective at attacking unaware monsters.


Message History

Evoke which item? (* to show all) (? for menu, Esc to quit)
Aiming: Random Effects
Press: ? - help, Shift-Dir - straight line, f/p - goblin
Aim: a goblin, wielding a +0 dagger (slightly transparent)
The goblin twists and deforms.
The goblin misses you.
Evoke which item? (* to show all) (? for menu, Esc to quit)
Aiming: Random Effects
Press: ? - help, Shift-Dir - straight line, f/p - goblin
Aim: a goblin, wielding a +0 dagger (slightly transparent, misshapen and mutated)
The mass of ice explodes!
The iceblast engulfs the goblin!!
You kill the goblin!
The iceblast engulfs the goblin!!
You kill the goblin!
The iceblast engulfs the withered plant!!
The withered plant is moderately damaged.
The iceblast engulfs the withered plant!
The withered plant is moderately damaged.
The iceblast engulfs you!!
Ouch! That really hurt!
You die...

..........##...8...#
.......##.###.....#####
.........P..#.....###.#
............##.####...#
........P.P.##.# #.###
............##.####.#
...............>....#
.g......###.#..#..###
........# #....#@.##
........# #....)P..#
.....g..# ##..)P..8#
......g.####.g..P..#
..>...gg).gg....^..#
#...†.###.....######
####### #.....# #..P.P#
#...###


You could see 2 hobgoblins and a goblin.

Vanquished Creatures
  An adder (D:2)
  An adder skeleton (D:2)
  2 adder zombies (D:2)
  2 bat zombies (D:2)
  A giant cockroach (D:1)
  10 goblins
  4 hobgoblins
  A quokka (D:2)
  A ball python zombie (D:2)
  5 bats
  4 frilled lizards
  A jackal zombie (D:2)
  6 kobolds
  2 leopard gecko skeletons (D:2)
  3 rats (D:2)
44 creatures vanquished.

Vanquished Creatures (collateral kills)
  A dart slug (D:2)
1 creature vanquished.

Grand Total: 45 creatures vanquished

Notes
Turn   | Place    | Note
-------+----------+-------------------------------------------
     0 | D:1      | Lanoc the Felid Artificer began the quest for the Orb.
     0 | D:1      | Reached XP level 1. HP: 9/9 MP: 4/4
   850 | D:1      | Reached XP level 2. HP: 12/12 MP: 5/5
  1549 | D:2      | Reached XP level 3. HP: 10/15 MP: 6/6
  2579 | D:2      | Reached skill level 4 in Evocations
  2677 | D:2      | Noticed Robin
  2708 | D:2      | Killed themself with a badly aimed iceblast

Levels and vault maps discovered:
D:1:      dpeg_arrival_more_subterranean_lakeside_camping, layout_basic
D:2:      layout_rooms, serial_undead, serial_undead_b, serial_undead_e,
          serial_undead_c, serial_undead_d, serial_undead_e, serial_undead_c,
          serial_undead_d, serial_undead_f, first_ration,
          minmay_misc_feat_more_columns, uniq_robin

Skill      XL: |  1  2  3 |
---------------+----------+-----
Stealth        | 2 |  2.9
Dodging        | 3 |  3.1
Evocations     | 4 |  4.0
Fighting       | |  1.5
Unarmed Combat | |  1.9

Action                   || total
-------------------------++-------
Melee: Unarmed           ||   145
       Bite              ||    10
       Punch             ||     4
Evoke: Wand              ||    11
 Stab: Sleeping          ||     5
       Paralysed         ||     1
  Eat: Chunk             ||     9
Armor: Skin              ||    18
Dodge: Dodged            ||   132

Table legend:
 A = Non-vault XP
 B = Vault XP
 C = Vault XP percentage of total XP
 D = Non-vault monster count
 E = Vault monster count
 F = Vault count percentage of total count
                 A         B        C        D         E       F
            +---------+---------+-------+---------+---------+-------
      Total |      62 |      32 |  34.0 |      31 |      14 |  31.1
            +---------+---------+-------+---------+---------+-------
        D:1 |      25 |       0 |   0.0 |      15 |       0 |   0.0
        D:2 |      37 |      32 |  46.4 |      16 |      14 |  46.7
            +---------+---------+-------+---------+---------+-------
